 Dungeon Crawl Stone Soup version 0.28-a0-2-g643f2454ad (webtiles) character file.

Game seed: 3537259010196743178

4126 Spaninq the Fighter (level 10, -17/82 HPs)
             Began as a Gnoll Wanderer on July 22, 2021.
             Was a Follower of Cheibriados.
             Demolished by a two-headed ogre (21 damage)
             ... on level 7 of the Dungeon.
             The game lasted 00:25:48 (10004 turns).

Spaninq the Fighter (Gnoll Wanderer)               Turns: 10004, Time: 00:25:49

Health: -17/82     AC: 16    Str: 24    XL:     10   Next: 27%
Magic:  14/17      EV: 16    Int: 15    God:    Cheibriados [*.....]
Gold:   280        SH:  5    Dex: 14    Spells: 19/19 levels left

rFire   . . .      SeeInvis .   q - +1 eveningstar
rCold   . . .      Faith    .   x - +0 buckler {AC+3}
rNeg    . . .      Spirit   .   b - +2 scale mail
rPois   .          Reflect  .   (no helmet)
rElec   .          Harm     .   y - +0 cloak
rCorr   .          Rampage  .   g - +1 pair of gloves
Will    .....                   (no boots)
Stlth   ++........              (no amulet)
HPRegen 0.23/turn               j - +4 ring of evasion
MPRegen 0.15/turn               r - +6 ring of strength

@: very slow
A: fangs 1, strong nose, distributed training
a: Renounce Religion, Bend Time


You were on level 7 of the Dungeon.
You worshipped Cheibriados.
Cheibriados was aware of your devotion.
You visited 2 branches of the dungeon, and saw 9 of its levels.

You collected 395 gold pieces.
You spent 115 gold pieces at shops.

Inventory:

Hand Weapons
 n - a +1 hunting sling of freezing
 q - a +1 eveningstar (weapon)
Missiles
 p - 199 stones (quivered)
 E - 42 sling bullets
Armour
 b - a +2 scale mail (worn)
 g - a +1 pair of gloves (worn)
 x - a +0 buckler of protection (worn)
 y - a +0 cloak (worn)
Jewellery
 a - a +6 ring of intelligence
 j - a +4 ring of evasion (left hand)
 l - a ring of ice
 o - a ring of ice
 r - a +6 ring of strength (right hand)
Wands
 w - a wand of acid (9)
 A - a wand of iceblast (6)
 B - a wand of flame (10)
Scrolls
 i - 5 scrolls of teleportation
 k - 2 scrolls of identify
 C - a scroll of blinking
 F - a scroll of silence
Potions
 c - 2 potions of curing
 d - a potion of cancellation
 e - 4 potions of haste
 f - a potion of invisibility {unknown}
 h - a potion of flight {unknown}
 m - 3 potions of might
 s - 2 potions of mutation
 t - 2 potions of attraction {unknown}
 u - 2 potions of magic
 v - a potion of heal wounds {unknown}
 z - a potion of brilliance {unknown}
 D - 3 potions of lignification {unknown}


   Skills:
 + Level 8.4 Fighting
 + Level 5.1 Short Blades
 + Level 5.1 Long Blades
 + Level 5.1 Axes
 + Level 5.1 Maces & Flails
 + Level 5.1 Polearms
 + Level 5.1 Staves
 + Level 5.1 Slings
 + Level 5.1 Bows
 + Level 5.8 Crossbows
 + Level 5.1 Throwing
 + Level 6.9 Armour
 + Level 5.1 Dodging
 + Level 8.0 Stealth
 + Level 5.1 Shields
 + Level 5.1 Unarmed Combat
 + Level 5.1 Spellcasting
 + Level 4.2 Conjurations
 + Level 4.2 Hexes
 + Level 4.2 Summonings
 + Level 4.2 Necromancy
 + Level 4.2 Translocations
 + Level 4.2 Transmutations
 + Level 4.2 Fire Magic
 + Level 4.2 Ice Magic
 + Level 4.2 Air Magic
 + Level 4.2 Earth Magic
 + Level 4.2 Poison Magic
 + Level 5.6 Invocations
 + Level 5.8 Evocations


You had 19 spell levels left.
You didn't know any spells.
Your spell library contained the following spells:

 Spells                   Type           Power      Damage    Failure   Level
 Sandblast                Erth           32%        2d9       6%          1
 Passwall                 Tmut/Erth      13%        N/A       10%         2
 Gell's Gravitas          Tloc           8%         N/A       19%         3
 Teleport Other           Tloc           16%        N/A       19%         3
 Lee's Rapid Deconstruct  Erth           8%         3d8*      86%         5
 Dispersal                Tloc           8%         N/A       100%        6


Dungeon Overview and Level Annotations

Branches:
Dungeon (8/15)             Temple (1/1) D:5
   Lair: D:8-11

Altars:
Ashenzari
Cheibriados
Dithmenos
Elyvilon
Fedhas
Kikubaaqudgha
Makhleb
Nemelex Xobeh
Okawaru
Qazlal
Ru
Trog
Uskayaw
Vehumet
Wu Jian
Xom
The Shining One

Shops:
D:1 [

Annotations:
D:6 2 runed translucent doors


Innate Abilities, Weirdness & Mutations

You have very sharp teeth.
Your uncanny sense of smell can sniff out nearby items.
Your experience applies equally to all skills.


Message History

The steam dragon closely misses you. The steam dragon claws you.
The steam dragon breathes steam at you. The ball of steam misses you.
The steam dragon bites you but does no damage.
The steam dragon barely misses you. You block the steam dragon's attack. x2
You closely miss the steam dragon. The steam dragon misses you.
The steam dragon claws you but does no damage.
You closely miss the steam dragon.
The two-headed ogre shouts in stereo!
The steam dragon closely misses you. The steam dragon claws you.
The steam dragon barely misses you. The steam dragon completely misses you.
The steam dragon bites you but does no damage.
The steam dragon claws you but does no damage.
The steam dragon bites you but does no damage.
You block the steam dragon's attack.
There is a stone staircase leading up here.
You block the two-headed ogre's attack. The two-headed ogre misses you.
You climb upwards.
There is a stone staircase leading down here.
You hit the two-headed ogre.
The two-headed ogre is lightly wounded.
The two-headed ogre closely misses you. The two-headed ogre barely misses you.
You hit the two-headed ogre.
The two-headed ogre is lightly wounded.
The two-headed ogre hits you with a +0 giant club!!
* * * LOW HITPOINT WARNING * * *
The two-headed ogre hits you with a +0 giant club!
* * * LOW HITPOINT WARNING * * *
The flow of time bends around you.
Cheibriados rebukes the two-headed ogre.
The two-headed ogre seems to slow down.
The two-headed ogre hits you with a +0 giant club!
* * * LOW HITPOINT WARNING * * *
The two-headed ogre hits you but does no damage.
You impale the two-headed ogre!!
The two-headed ogre is moderately wounded.
You impale the two-headed ogre!!
The two-headed ogre is almost dead.
The two-headed ogre hits you with a +0 giant club!!
You die...

#......##.#..## ##..#
##....#.#
#....####.##..#
##.#####....#.. #....#
#.###.# #..........###
######
#..##.###########....#
##........# #....#
#........# #....#
#........# #....#
#.....)..# #....#
#.....@<.# ######
#......O.# #........#
##########


You could see a two-headed ogre (slow).

Vanquished Creatures
  Joseph (D:7)
  Maggie (D:7)
  Grinder (D:5)
  A steam dragon (D:6)
  Menkaure (D:5)
  3 wargs (D:8)
  Edmund (D:5)
  2 water moccasins
  Duvessa (D:4)
  3 black bears
  A hornet zombie (D:7)
  2 ogres (D:5)
  A necrophage (D:4)
  A centaur (D:6)
  2 bullfrogs (D:8)
  2 scorpions
  Blork the orc (D:5)
  2 gnoll sergeants (D:8)
  A water moccasin zombie (D:6)
  A wyvern skeleton (D:7)
  Dowan (D:4)
  5 killer bees (D:8)
  2 bullfrog zombies
  A centaur zombie (D:7)
  A hound (D:4)
  A bullfrog skeleton (D:7)
  2 jellies
  3 orc priests
  Crazy Yiuf (D:3)
  3 iguanas
  Terence (D:3)
  4 orc wizards (D:8)
  A howler monkey skeleton (D:5)
  7 gnolls
  5 adders
  A shadow imp (D:6)
  An adder skeleton (D:4)
  3 worms
  5 dart slugs
  21 orcs
  3 bats
  4 endoplasms
  2 giant cockroaches (D:1)
  7 hobgoblins
  8 jackals
  A quokka (D:3)
  8 ball pythons
  2 frilled lizards
  7 goblins
  7 kobolds
  5 rats
152 creatures vanquished.

Vanquished Creatures (collateral kills)
  A hound (D:7)
1 creature vanquished.

Vanquished Creatures (others)
  3 fungi (D:8)
  15 plants
  4 toadstools (D:8)
22 creatures vanquished.

Grand Total: 175 creatures vanquished

Notes
Turn   | Place    | Note
-------+----------+-------------------------------------------
     0 | D:1      | Spaninq the Gnoll Wanderer began the quest for the Orb.
     0 | D:1      | Spaninq set off with the following items: a +0 mace, a +2
                  | scale mail, a potion of curing, a +0 dagger
     0 | D:1      | Reached XP level 1. HP: 23/23 MP: 1/1
    66 | D:1      | Found Bavuef's Armour Shoppe.
   427 | D:1      | Reached XP level 2. HP: 27/29 MP: 2/2
  1278 | D:2      | Reached XP level 3. HP: 33/35 MP: 3/3
  1399 | D:2      | Found a faded altar of an unknown god.
  1556 | D:2      | Reached skill level 1 in Invocations
  1649 | D:2      | Reached skill level 1 in Short Blades
  1649 | D:2      | Reached skill level 1 in Long Blades
  1649 | D:2      | Reached skill level 1 in Axes
  1649 | D:2      | Reached skill level 1 in Maces & Flails
  1649 | D:2      | Reached skill level 1 in Polearms
  1649 | D:2      | Reached skill level 1 in Staves
  1649 | D:2      | Reached skill level 1 in Slings
  1649 | D:2      | Reached skill level 1 in Bows
  1649 | D:2      | Reached skill level 1 in Throwing
  1649 | D:2      | Reached skill level 1 in Dodging
  1649 | D:2      | Reached skill level 1 in Shields
  1649 | D:2      | Reached skill level 1 in Unarmed Combat
  1649 | D:2      | Reached skill level 1 in Spellcasting
  1700 | D:2      | Reached XP level 4. HP: 41/41 MP: 5/5
  2281 | D:3      | Found a runed translucent door.
  2282 | D:3      | Noticed Crazy Yiuf
  2408 | D:3      | Found an ornate altar of the Wu Jian Council.
  2412 | D:3      | Noticed a water moccasin
  2441 | D:3      | Killed a water moccasin
  2442 | D:3      | Reached skill level 1 in Conjurations
  2442 | D:3      | Reached skill level 1 in Hexes
  2442 | D:3      | Reached skill level 1 in Summonings
  2442 | D:3      | Reached skill level 1 in Necromancy
  2442 | D:3      | Reached skill level 1 in Translocations
  2442 | D:3      | Reached skill level 1 in Transmutations
  2442 | D:3      | Reached skill level 1 in Fire Magic
  2442 | D:3      | Reached skill level 1 in Ice Magic
  2442 | D:3      | Reached skill level 1 in Air Magic
  2442 | D:3      | Reached skill level 1 in Earth Magic
  2442 | D:3      | Reached skill level 1 in Poison Magic
  2442 | D:3      | Reached XP level 5. HP: 38/47 MP: 5/7
  2750 | D:3      | Reached XP level 6. HP: 53/53 MP: 8/8
  2753 | D:3      | Noticed Terence
  2762 | D:3      | Killed Terence
  3232 | D:4      | Noticed Duvessa
  3232 | D:4      | Noticed Dowan
  3344 | D:3      | Reached skill level 5 in Armour
  3531 | D:4      | Killed Duvessa
  3539 | D:4      | Killed Dowan
  3540 | D:4      | Reached XP level 7. HP: 44/59 MP: 10/10
  4274 | D:5      | Entered Level 5 of the Dungeon
  4274 | D:5      | Noticed Edmund
  4734 | D:1      | Bought a +0 buckler of protection for 115 gold pieces
  5116 | D:3      | Found an ornate altar of the Wu Jian Council.
  5301 | D:3      | Killed Crazy Yiuf
  5474 | D:5      | Noticed Menkaure
  5590 | D:5      | Reached XP level 8. HP: 67/67 MP: 12/12
  5752 | D:5      | Noticed Grinder
  5764 | D:5      | Paralysed by Grinder for 5 turns
  5773 | D:5      | Killed Grinder
  5859 | D:5      | Killed Edmund
  6091 | D:5      | Found a staircase to the Ecumenical Temple.
  6126 | Temple   | Entered the Ecumenical Temple
  6373 | D:5      | Noticed Blork the orc
  6384 | D:5      | Killed Blork the orc
  6536 | D:5      | Found a glowing golden altar of the Shining One.
  6909 | D:6      | Found a burning altar of Makhleb.
  7204 | D:6      | Found a large runed translucent door.
  7205 | D:6      | Found a large runed translucent door.
  7210 | D:6      | Found a shimmering altar of Xom.
  7458 | D:6      | Reached XP level 9. HP: 72/72 MP: 14/14
  7478 | D:6      | Found a snail-covered altar of Cheibriados.
  7585 | D:6      | Became a worshipper of Cheibriados the Contemplative
  7836 | D:6      | Found a broken altar of Ashenzari.
  7836 | D:6      | Found a shimmering altar of Xom.
  8065 | D:7      | Noticed Maggie
  8115 | D:7      | Killed Maggie
  8116 | D:7      | Reached skill level 5 in Crossbows
  8116 | D:7      | Reached skill level 5 in Evocations
  8418 | D:7      | Noticed Joseph
  8444 | D:7      | Killed Joseph
  8445 | D:7      | Reached skill level 5 in Invocations
  8774 | D:5      | Killed Menkaure
  9351 | D:8      | Found a hide-covered altar of Uskayaw.
  9469 | D:8      | Reached * piety under Cheibriados
  9493 | D:8      | Reached XP level 10. HP: 46/80 MP: 17/17
  9711 | D:8      | Reached skill level 5 in Short Blades
  9711 | D:8      | Reached skill level 5 in Long Blades
  9711 | D:8      | Reached skill level 5 in Axes
  9711 | D:8      | Reached skill level 5 in Maces & Flails
  9711 | D:8      | Reached skill level 5 in Polearms
  9711 | D:8      | Reached skill level 5 in Staves
  9711 | D:8      | Reached skill level 5 in Slings
  9711 | D:8      | Reached skill level 5 in Bows
  9711 | D:8      | Reached skill level 5 in Throwing
  9711 | D:8      | Reached skill level 5 in Dodging
  9711 | D:8      | Reached skill level 5 in Shields
  9711 | D:8      | Reached skill level 5 in Unarmed Combat
  9711 | D:8      | Reached skill level 5 in Spellcasting
  9900 | D:8      | Noticed a two-headed ogre
 10002 | D:7      | HP: 4/82 [two-headed ogre (12)]
 10004 | D:7      | Demolished by a two-headed ogre

Illustrated notes

Levels and vault maps discovered:
D:1:      psy_arrival_spokes, layout_basic, serial_shops, shop,
          serial_bayou_pond_b, nrook_uturn
D:2:      layout_loops_ring, ebering_ecumenical_altar_mist, minmay_unequal
D:3:      layout_basic, nicolae_wu_jian_wuxing_cycle,
          kennysheep_generic_room_13, uniq_terence, uniq_crazy_yiuf_cottage
D:4:      layout_loops_cross, st_stairs_13, uniq_duvessa
D:5:      layout_layer_cave, tso_oasis_becter, temple_doors_e, uniq_menkaure,
          uniq_blork_the_orc, uniq_edmund, uniq_grinder
D:6:      due_chaos_kobolds, layout_basic,
          mainiacjoe_overflow_concentric_impassable,
          gammafunk_temple_overflow_statue, mainiacjoe_overflow_chevrons
D:7:      layout_rooms, uniq_maggie, uniq_joseph
D:8:      layout_gridville, lemuel_tele_altar, kennysheep_orc_sif_temple,
          erik_lair_orcish_takeover, minmay_gold_behind_fungi,
          minmay_misc_feat_ornament
Temple:   jpeg_temple_alley_garden

Skill      XL: |  1  2  3  4  5  6  7  8  9 10 |
---------------+-------------------------------+-----
Stealth        | 6 7 8 |  8.0
Invocations    | 1 2 3 4 5 |  5.6
Short Blades   | 1 2 3 4 5 |  5.1
Long Blades    | 1 2 3 4 5 |  5.1
Axes           | 1 2 3 4 5 |  5.1
Maces & Flails | 1 2 3 4 5 |  5.1
Polearms       | 1 2 3 4 5 |  5.1
Staves         | 1 2 3 4 5 |  5.1
Slings         | 1 2 3 4 5 |  5.1
Bows           | 1 2 3 4 5 |  5.1
Throwing       | 1 2 3 4 5 |  5.1
Dodging        | 1 2 3 4 5 |  5.1
Shields        | 1 2 3 4 5 |  5.1
Unarmed Combat | 1 2 3 4 5 |  5.1
Spellcasting   | 1 2 3 4 5 |  5.1
Crossbows      | 3 4 5 |  5.8
Conjurations   | 1 2 3 4 |  4.2
Hexes          | 1 2 3 4 |  4.2
Summonings     | 1 2 3 4 |  4.2
Necromancy     | 1 2 3 4 |  4.2
Translocations | 1 2 3 4 |  4.2
Transmutations | 1 2 3 4 |  4.2
Fire Magic     | 1 2 3 4 |  4.2
Ice Magic      | 1 2 3 4 |  4.2
Air Magic      | 1 2 3 4 |  4.2
Earth Magic    | 1 2 3 4 |  4.2
Poison Magic   | 1 2 3 4 |  4.2
Evocations     | 3 4 5 |  5.8
Armour         | 5 6 |  6.9
Fighting       | 7 8 |  8.4

Action                   |  1- 3 |  4- 6 |  7- 9 | 10-12 || total
-------------------------+-------+-------+-------+-------++-------
Melee: Mace              |   121 |     8 |       |       ||   129
       Bite              |     5 |    10 |    35 |     9 ||    59
       Eveningstar       |       |   101 |   310 |    79 ||   490
       Punch             |       |     1 |       |       ||     1
 Fire: Hunting sling     |     2 |     2 |     4 |       ||     8
Invok: Bend Time         |       |       |     1 |     1 ||     2
  Use: Scroll            |     2 |     2 |    13 |       ||    17
       Potion            |       |     4 |     2 |       ||     6
 Stab: Sleeping          |     2 |       |     1 |       ||     3
       Invisible         |       |       |     1 |       ||     1
Armor: Scale mail        |    65 |    39 |   139 |    47 ||   290
Dodge: Dodged            |    93 |    89 |   255 |    59 ||   496
Block: Buckler           |       |       |    74 |    24 ||    98

Table legend: (Time is in decaauts)
 A = Elapsed time spent in this place.
 B = Non-inter-level travel time spent in this place.
 C = Inter-level travel time spent in this place.
 D = Time resting spent in this place.
 E = Time spent auto-exploring this place.
 F = Levels seen in this place.
 G = Mean time per level.
                   A        B        C        D        E       F      G
               +--------+--------+--------+--------+--------+-----+--------+
         Total |  10597 |   9735 |    862 |   1463 |   5937 |   9 | 1177.4 |
       Dungeon |  10392 |   9539 |    853 |   1463 |   5743 |   8 | 1299.0 |
        Temple |    204 |    195 |      9 |      0 |    194 |   1 |  204.0 |
               +--------+--------+--------+--------+--------+-----+--------+

Top non-repeatable levels by time:
     D:3: 2031 daAuts
     D:5: 1851 daAuts
     D:6: 1244 daAuts
     D:7: 1179 daAuts
     D:1: 1176 daAuts
     D:4: 1139 daAuts
     D:2: 973 daAuts
     D:8: 796 daAuts
  Temple: 204 daAuts
